[Event "28th Hit Open-A 2024"]
[Site "Nova Gorica"]
[Date "2024.01.30"]
[Round "6.23"]
[White "Marchesich, Giovanni"]
[Black "Pagnutti, Lorenzo"]
[Result "1-0"]
[ECO "C84"]
[WhiteElo "2210"]
[BlackElo "1859"]
[Annotator "TA"]
[PlyCount "58"]
[EventDate "2024.01.22"]
[EventType "swiss"]
[EventCountry "SLO"]
[SourceTitle "playchess.com"]
[Source "ChessBase"]
[SourceQuality "1"]
[TimeControl "5400+30"]

1. e4 e5 2. Nf3 Nc6 3. Bb5 a6 4. Ba4 Nf6 5. O-O b5 6. Bb3 Be7 7. d3 O-O 8. Nc3 d6 9. a3 Bg4 10. Be3 Nd4 11. Bxd4 exd4 12. Nd5 c5 13. a4 {[%emt 0:04:25] aiming for axb5.} Nxd5 14. Bxd5 Rb8 15. axb5 axb5 16. Ra7 Bf6 17. h3 Be6 {[%emt 0:01:49] Black is weak on the light squares} 18. Bxe6 fxe6 19. Qa1 Qe8 20. Qa2 {[%emt 0:01:19] White is much more active.} Bd8 21. Nh2 Bb6 22. Ra6 Qc8 23. Ra1 c4 24. Nf3 h6 25. Qa3 Qc7 26. Qb4 Bc5 27. Qa5 Qf7 28. Rc6 Rb7 (28... e5 $11) 29. b4 cxb3 $1 {[%emt 0:02:05][%mdl 32768] Weighted Error Value: White=0.11 (very precise) /Black=0.12 (very precise) .  Mistake:       	---       	Black=1      Inaccurate:     	White=4     	Black=2      OK:         	White=7     	Black=5      Best:        	White=2     	Black=1      Strong:       	---       	Black=1     . Loss on time!?} ({Much worse is} 29... Ra7 $6 30. Ra6 Rxa6 31. Qxa6 Bxb4 32. Qxb5 $16) 1-0

[Event "28th Hit Open-A 2024"]
[Site "Nova Gorica"]
[Date "2024.01.30"]
[Round "6.24"]
[White "Rigatti, Giorgio"]
[Black "Garsky, Vladyslav"]
[Result "1-0"]
[ECO "B75"]
[WhiteElo "1749"]
[BlackElo "2186"]
[Annotator "TA"]
[PlyCount "109"]
[EventDate "2024.01.22"]
[EventType "swiss"]
[EventCountry "SLO"]
[SourceTitle "playchess.com"]
[Source "ChessBase"]
[SourceQuality "1"]
[TimeControl "5400+30"]

1. e4 c5 2. Nf3 d6 3. d4 cxd4 4. Nxd4 Nf6 5. Nc3 a6 6. Be3 g6 7. f3 Bg7 8. Bc4 Nbd7 9. Qd2 h5 10. O-O-O b5 {[%emt 0:03:25] White is slightly better.} 11. Bd5 Nxd5 12. Nxd5 Bb7 {[%emt 0:10:07] Prevents Nc6} 13. Bg5 Nf6 14. Nxf6+ $1 exf6 15. Bf4 O-O 16. Nb3 d5 17. Na5 Qd7 (17... Qb6 $16) 18. Nxb7 ({Better is} 18. exd5 $18 {Hoping for d6.} Rfd8 19. d6) 18... Qxb7 $16 19. Qxd5 Qb6 20. Qb3 {[%emt 0:10:18] White has more active pieces.} Rfd8 21. Be3 Qc7 22. g3 Rac8 23. Rxd8+ Rxd8 24. Rd1 (24. Re1 $16) 24... Rxd1+ $11 25. Kxd1 {[%emt 0:00:01][%mdl 4096] Endgame. KQB-KQB} h4 26. Bf4 Qc5 27. Qe3 Qc4 28. b3 Qf1+ 29. Kd2 h3 30. Bd6 a5 31. a3 Qg2+ 32. Qe2 Qg1 33. b4 {[%emt 0:01:03] Threatens to win with Bc5.} a4 34. Bc5 Qh1 35. Bd4 Bh6+ 36. f4 $1 Bg7 37. Bc5 f5 38. exf5 Qd5+ 39. Qd3 Qg2+ (39... Qxd3+ $2 40. Kxd3 Bb2 41. c4 bxc4+ 42. Kxc4 Bxa3 43. Kb5 $18) 40. Qe2 Bb2 (40... Qxe2+ 41. Kxe2 Bc3 42. Kd3 $18) 41. Qxg2 hxg2 42. fxg6 fxg6 {[%emt 0:01:29][%mdl 8192] [#] KB-KB. A mistake that costs the game.} (42... Bxa3 $15 {keeps the upper hand.} 43. gxf7+ Kxf7) 43. c3 $1 $18 Kf7 44. Kc2 Bxa3 (44... Ba1 45. Bd4 Ke6) 45. h4 Kf6 {[%emt 0:00:14] [#]} 46. g4 $1 {[%emt 0:00:06][%cal Bg3g4,Bg4f5][%mdl 32] Black must now prevent Bd4+.} Kg7 47. Bd4+ Kh6 48. Kb1 Kh7 49. f5 gxf5 50. gxf5 Kh6 51. f6 Kg6 {[%emt 0:00:03] [#]} 52. h5+ $1 Kf7 53. Kc2 g1=Q 54. Bxg1 Kxf6 55. Be3 {[%emt 0:00:10] Weighted Error Value: White=0.13 (very precise) /Black=0.37.  Loses game:     	---       	Black=1      Mistake:       	White=2     	Black=3      Inaccurate:     	White=5     	Black=2      OK:         	White=8     	Black=18     Best:        	White=4     	Black=2      Strong:       	White=3     	---} 1-0

[Event "28th Hit Open-A 2024"]
[Site "Nova Gorica"]
[Date "2024.01.30"]
[Round "6.25"]
[White "Zlatanovic, Srdjan"]
[Black "Caruso, Augusto"]
[Result "1-0"]
[ECO "A43"]
[WhiteElo "1675"]
[BlackElo "2159"]
[Annotator "TA"]
[PlyCount "97"]
[EventDate "2024.01.22"]
[EventType "swiss"]
[EventCountry "SLO"]
[SourceTitle "playchess.com"]
[Source "ChessBase"]
[SourceQuality "1"]
[TimeControl "5400+30"]

1. d4 e6 2. Nf3 c5 3. c3 Nc6 4. Bf4 Qb6 5. Qb3 Qxb3 6. axb3 {[%emt 0:00:02] White wants to play Na3.} cxd4 7. Nxd4 Nxd4 8. cxd4 {[%emt 0:00:01] The position is equal.} Bb4+ 9. Bd2 Bxd2+ 10. Nxd2 d5 {[%emt 0:00:12] Against Nc4} 11. e3 Ne7 12. Bd3 Bd7 13. O-O Nc6 14. Rfc1 a6 15. Bb5 Nb4 16. Be2 Ke7 17. Nb1 Rhc8 18. Nc3 f6 19. f4 Kd6 20. e4 Nc6 21. Rd1 Nb4 22. Kf2 Bc6 23. e5+ fxe5 24. fxe5+ Ke7 25. Bd3 Rf8+ 26. Ke3 Be8 (26... Nxd3 {simplifies} 27. Rxd3 Rf7 28. Ke2 Rc8) 27. Rac1 g5 28. Bb1 h5 29. Rf1 Bd7 30. Ne2 Nc6 31. Ng3 Be8 32. Rxf8 Kxf8 33. Rf1+ Kg7 34. Ne2 Na5 (34... Rc8 $11 {keeps the balance.}) 35. Rf6 $16 Bf7 {[%emt 0:00:34][%cal Oa8h8] [#]} 36. h4 $1 gxh4 37. Nf4 Re8 38. Nh3 $2 (38. Rxf7+ $18 Kxf7 39. Bg6+ Ke7 40. Bxe8 Kxe8 41. Nxe6 (41. Nxh5 Kf7 $17) 41... Nxb3 42. Nc7+ Kf8 43. Nxd5) 38... Nxb3 $11 39. Ng5 Bg8 40. Bg6 (40. Rg6+ $6 Kh8 $16) 40... Re7 (40... Rf8 41. Rxf8 (41. Bxh5 $2 Rxf6 42. exf6+ Kxf6 $19) (41. Nxe6+ Bxe6 42. Rxe6 Na5 $16) 41... Kxf8 42. Bxh5 $17) ({Black should play} 40... Rc8 $14) 41. Bxh5 $16 {[%emt 0:00:39] White is more active.} Na5 (41... Na1 $16) 42. Bg4 $18 Nc4+ 43. Kf4 Nxb2 (43... Na5 {was necessary.} 44. Bxe6 (44. Nxe6+ Bxe6 45. Rxe6 Rxe6 $18) 44... Nc6 45. Bxg8 Kxg8) 44. Nxe6+ (44. Bxe6 Nc4 $16) 44... Bxe6 45. Bxe6 {[%emt 0:01:08] KRB-KRN} (45. Rxe6 Rxe6 46. Bxe6 Nd3+ 47. Ke3 Nb4 $19) 45... Nd3+ (45... Nd1 $142 46. Kg5 (46. Bxd5 Nc3 $18) 46... Nc3 47. Rg6+ (47. Kxh4 $2 Ne4 $19) 47... Kh7) 46. Kg5 Nb4 47. Rg6+ {[%emt 0:01:37] White mates.} ({Worse is} 47. Kxh4 Nc6 $11) 47... Kh8 48. Kf6 ({Weaker is} 48. Kxh4 Nc6 $16) 48... Kh7 49. Bg8+ {[%emt 0:00:20] Weighted Error Value: White=0.11 (very precise) /Black=0.38.  Missed win:     	White=1     	---        Mistake:       	---       	Black=5      Inaccurate:     	White=6     	Black=7      OK:         	White=15    	Black=15     Best:        	White=6     	Black=1      Brilliant:      	White=1     	---} 1-0

[Event "28th Hit Open-A 2024"]
[Site "Nova Gorica"]
[Date "2024.01.30"]
[Round "6.26"]
[White "Centrih, Aleks"]
[Black "Racnik, Tone"]
[Result "1-0"]
[ECO "B07"]
[WhiteElo "2082"]
[BlackElo "1849"]
[Annotator "NA RC"]
[PlyCount "49"]
[EventDate "2024.01.22"]
[EventType "swiss"]
[EventCountry "SLO"]
[SourceTitle "playchess.com"]
[Source "ChessBase"]
[SourceQuality "1"]
[TimeControl "5400+30"]

1. e4 d6 2. d4 Nf6 3. Nc3 g6 4. Be3 Bg7 5. Qd2 O-O 6. O-O-O c6 7. f3 b5 8. Bh6 Qa5 9. h4 Nbd7 10. h5 b4 11. Nb1 Qxa2 12. Bxg7 Kxg7 13. hxg6 fxg6 14. Qh6+ Kg8 15. b3 Rf7 16. e5 a5 17. exf6 Nxf6 18. Qd2 a4 19. Qxb4 a3 20. Kd2 Qb2 21. Qc3 Qa2 22. Bc4 d5 23. Bd3 Rb8 24. Ne2 e6 25. Qa5 1-0

[Event "28th Hit Open-A 2024"]
[Site "Nova Gorica"]
[Date "2024.01.30"]
[Round "6.27"]
[White "Gergolet, Jan"]
[Black "Markocic, Tine"]
[Result "1/2-1/2"]
[ECO "B42"]
[WhiteElo "1632"]
[BlackElo "2055"]
[Annotator "NA RC"]
[PlyCount "43"]
[EventDate "2024.01.22"]
[EventType "swiss"]
[EventCountry "SLO"]
[SourceTitle "playchess.com"]
[Source "ChessBase"]
[SourceQuality "1"]
[TimeControl "5400+30"]

1. e4 c5 2. Nf3 e6 3. d4 cxd4 4. Nxd4 a6 5. Bd3 Nf6 6. Qe2 d6 7. c4 Qc7 8. O-O g6 9. Nc3 Bg7 10. Be3 O-O 11. Rfd1 Nbd7 12. Rac1 b6 13. f3 Bb7 14. b3 Rac8 15. Qd2 Qb8 16. Bf1 Rfd8 17. Bg5 Bf8 18. Nc2 Be7 19. Kh1 Bc6 20. Nb4 Bb7 21. Nc2 Bc6 22. Qf4 1/2-1/2

[Event "28th Hit Open-A 2024"]
[Site "Nova Gorica"]
[Date "2024.01.30"]
[Round "6.28"]
[White "Petrovcic, Cvetko"]
[Black "Bazilius, Augustinas"]
[Result "0-1"]
[ECO "B43"]
[WhiteElo "1611"]
[BlackElo "2030"]
[Annotator "NA RC"]
[PlyCount "69"]
[EventDate "2024.01.22"]
[EventType "swiss"]
[EventCountry "SLO"]
[SourceTitle "playchess.com"]
[Source "ChessBase"]
[SourceQuality "1"]
[TimeControl "5400+30"]

1. e4 c5 2. Nf3 a6 3. Nc3 e6 4. d4 cxd4 5. Nxd4 b5 6. e5 Bb7 7. Qg4 d5 8. Bd3 Nd7 9. Qg3 b4 10. Nce2 Qc7 11. Bf4 Ne7 12. O-O Ng6 13. Bxg6 hxg6 14. Rac1 a5 15. c3 Qb6 16. Be3 Qa6 17. Rc2 Be7 18. Bf4 Nc5 19. f3 O-O 20. Bg5 Bxg5 21. Qxg5 Qb6 22. f4 Ne4 23. Qh4 bxc3 24. bxc3 Ba6 25. Rf3 Bxe2 26. Rxe2 Nxc3 27. Rxc3 Qxd4+ 28. Rce3 Rac8 29. Qf2 Rc1+ 30. Re1 Rfc8 31. h3 R8c2 32. Kh2 Rxf2 33. Kg1 Rfc2 34. Rxc1 Rf2 35. Rce1 0-1

[Event "28th Hit Open-A 2024"]
[Site "Nova Gorica"]
[Date "2024.01.30"]
[Round "6.29"]
[White "Labrovic, Jakov"]
[Black "Belyaletdinov, Leonard"]
[Result "0-1"]
[ECO "A13"]
[WhiteElo "1925"]
[BlackElo "1581"]
[Annotator "NA RC"]
[PlyCount "100"]
[EventDate "2024.01.22"]
[EventType "swiss"]
[EventCountry "SLO"]
[SourceTitle "playchess.com"]
[Source "ChessBase"]
[SourceQuality "1"]
[TimeControl "5400+30"]

1. Nf3 Nf6 2. g3 d5 3. Bg2 c6 4. O-O Nbd7 5. c4 e6 6. b3 Bd6 7. Bb2 h5 8. h4 Qb6 9. Nc3 dxc4 10. Na4 Qa6 11. bxc4 Qxc4 12. d3 Qg4 13. e4 Bc7 14. Ba3 a5 15. Qc2 Qg6 16. Rab1 Ng4 17. Nc5 b6 18. Na4 Bb7 19. Rfc1 Bd8 20. Ng5 b5 21. Nh3 Rc8 22. Nc5 Nxc5 23. Qxc5 b4 24. Bb2 Bc7 25. a3 Nf6 26. axb4 Nd7 27. Qa7 Ba8 28. bxa5 O-O 29. Bd4 Nf6 30. Bb6 Bd6 31. Bc5 Rc7 32. Qa6 Bxc5 33. Rxc5 Nd7 34. Rc3 Qf6 35. Qc4 Ne5 36. Qc5 Nd7 37. Qa3 Ra7 38. Qa1 Qd8 39. Ra3 Ra6 40. d4 c5 41. Qc3 Qe7 42. d5 exd5 43. exd5 Qd6 44. Nf4 Nf6 45. Qc4 Rd8 46. Rb5 Nd7 47. Nxh5 Rc8 48. Qg4 g6 49. Qxd7 Qxd7 50. Nf6+ Rxf6 0-1

[Event "28th Hit Open-A 2024"]
[Site "Nova Gorica"]
[Date "2024.01.30"]
[Round "6.30"]
[White "Beber, Anja"]
[Black "Privitera, Franco"]
[Result "0-1"]
[ECO "A46"]
[WhiteElo "1606"]
[BlackElo "1919"]
[Annotator "TA"]
[PlyCount "76"]
[EventDate "2024.01.22"]
[EventType "swiss"]
[EventCountry "SLO"]
[SourceTitle "playchess.com"]
[Source "ChessBase"]
[SourceQuality "1"]
[TimeControl "5400+30"]

1. d4 Nf6 2. Nf3 b5 3. Bf4 Bb7 4. e3 a6 5. Bd3 e6 6. Nbd2 d5 7. O-O Nbd7 8. a4 {[%emt 0:05:54] White is slightly better.} bxa4 9. Rxa4 c5 10. b3 Be7 11. Ne5 Ne4 (11... a5 $14) 12. Nxe4 (12. Bxe4 $1 $18 dxe4 13. dxc5 Bxc5 14. Nxe4 Bxe4 15. Rxe4 Nxe5 16. Bxe5 (16. Rxe5 Qxd1 17. Rxd1 Rc8 $18)) 12... dxe4 $16 13. Be2 ({White should play} 13. Nxd7 $16 Qxd7 14. Be2) 13... Nb6 $11 14. Ra2 Nd5 15. Qa1 {[%emt 0:04:08][%cal Re2a6] Dodges Nc3} O-O (15... Nxf4 16. Bxa6 Rxa6 17. Rxa6 Ne2+ 18. Kh1 $14) 16. dxc5 Bxc5 17. Rd1 {[%emt 0:13:50] Strongly threatening c4.} Qc8 18. Bg3 (18. c3 $11) 18... Bb4 $17 19. Nc4 Nc3 20. Bd6 $2 Nxe2+ $19 21. Kf1 Bc3 22. Qb1 {[%emt 0:00:35][%cal Od6f8] [#]} Bd5 $2 23. Ra4 {[%emt 0:00:15][%mdl 8192] [#] Inhibits a5.} (23. Bxf8 $15 Bxc4 (23... Kxf8 24. Nb6 $11) 24. bxc4 Qxc4 (24... Kxf8 25. Qb6 $11) (24... Rb8 $2 25. Bd6 $18) 25. Qb3 Ng3+ 26. Kg1) 23... Bf6 $2 24. Kxe2 $17 {[%emt 0:00:35] [#]} Bc6 $1 25. Nb6 $36 {[%emt 0:05:07][%mdl 2048] White has some pressure.} Qb7 26. Nxa8 Rxa8 {[%emt 0:00:19] [#]} 27. Rad4 Qb5+ 28. Ke1 Qg5 {[%emt 0:00:50] [#]} 29. Bg3 Bxd4 $11 30. Rxd4 {[%emt 0:00:29] White is weak on the light squares} h5 31. h4 Qa5+ 32. b4 Qb5 33. c4 {[%emt 0:01:33] Dodges Bd5} Qa4 34. Kf1 Rc8 (34... f6 $5) 35. Kg1 Bb7 36. Kh2 f6 37. c5 {[%emt 0:00:36][%cal Ob4b5] And now b5! would win.} Bd5 38. Qd1 Qe8 {[%emt 0:00:31][%mdl 32768] Weighted Error Value: White=0.47/Black=0.40.  Loses game:     	White=2     	---        Missed win:     	---       	Black=2      Mistake:       	White=5     	Black=3      Inaccurate:     	White=3     	Black=2      OK:         	White=7     	Black=10     Best:        	White=3     	Black=4     . Loss on time!?} (38... Qxd1 $11 {remains equal.} 39. Rxd1 Bc6) 0-1

[Event "28th Hit Open-A 2024"]
[Site "Nova Gorica"]
[Date "2024.01.30"]
[Round "6.31"]
[White "Vicic, Mark"]
[Black "Hrescak, Ivana"]
[Result "0-1"]
[ECO "A01"]
[WhiteElo "1729"]
[BlackElo "2117"]
[Annotator "TA"]
[PlyCount "80"]
[EventDate "2024.01.22"]
[EventType "swiss"]
[EventCountry "SLO"]
[SourceTitle "playchess.com"]
[Source "ChessBase"]
[SourceQuality "1"]
[TimeControl "5400+30"]

1. b3 e5 2. Bb2 d6 3. c4 Nf6 4. g3 Be7 5. Bg2 c6 6. e3 Bg4 7. Ne2 Na6 8. d3 {[%emt 0:15:42] White is slightly better.} h5 9. Qd2 (9. h3 $14 Be6 10. Nd2) 9... Qd7 (9... h4 $15 10. h3 hxg3 11. fxg3 (11. hxg4 gxf2+ 12. Kxf2 Nxg4+ 13. Kf3 Rxh1 $17) 11... Bf5) 10. d4 (10. h3 $14 Be6 11. e4) 10... e4 11. a3 (11. h3 $11 Bf5 12. Ba3) 11... h4 $17 {[%emt 0:04:14] White is on the road to losing.} 12. Qc2 d5 {[%emt 0:04:49] [#] aiming for ...h3.} 13. Nd2 Bd6 {[%emt 0:09:51] Black is more active.} ({Better is} 13... Bxe2 14. Kxe2 h3) 14. Rg1 (14. gxh4 $17 {is a better defense.} Bxe2 (14... Rxh4 15. h3 $17) 15. Kxe2) 14... Bf5 (14... h3 $19 15. Bf1 Nc7) 15. Nf1 (15. c5 $17 {might work better.} Bc7 16. b4) 15... h3 $19 16. Bh1 Nc7 {[%emt 0:00:55] White is weak on the light squares} 17. O-O-O b6 18. Nf4 Ng4 19. Kb1 g5 20. Ne2 Nxf2 21. Rc1 Nd3 22. Rd1 Rh6 23. Nc3 Rf6 24. Nd2 Nf2 25. Rde1 Ng4 26. Ka2 Bg6 {[%emt 0:02:09] [#] Threatens to win with ...Rf2.} ({Less strong is} 26... Nxh2 27. Ndxe4 Bxe4 (27... dxe4 28. Qxh2 Qe6 29. Rgf1 $14) 28. Nxe4 dxe4 29. Qxh2 $15) 27. Rgf1 Rxf1 28. Nxf1 Kf8 29. c5 bxc5 30. dxc5 Be5 ({Much less strong is} 30... Bxc5 31. Nxe4 Bd6 (31... Bxe4 32. Bxe4 dxe4 33. Qxc5+ Ke8 34. Qxg5 $11) 32. Rd1 $19) 31. Rd1 Qe7 32. Ne2 Ne6 33. Bxe5 Nxe5 {[%emt 0:00:01] Black is clearly winning.} 34. Qc3 f6 35. Nd2 Qxc5 36. Qxc5+ Nxc5 37. Rc1 Ncd3 38. Rf1 Ke7 {[%emt 0:00:22] Hoping for ...Ng4.} 39. Nd4 c5 40. Nb5 Ng4 {[%emt 0:01:24][%csl LRe3,LRh2] Weighted Error Value: White=0.43/Black=0.19 (very precise) .  Mistake:       	White=5     	Black=3      Inaccurate:     	White=2     	Black=2      OK:         	White=7     	Black=14} 0-1

[Event "28th Hit Open-A 2024"]
[Site "Nova Gorica"]
[Date "2024.01.30"]
[Round "6.32"]
[White "Mestek, Igor"]
[Black "Zlatanovic, Marcus"]
[Result "1-0"]
[ECO "D00"]
[WhiteElo "2080"]
[BlackElo "1745"]
[Annotator "NA RC"]
[PlyCount "67"]
[EventDate "2024.01.22"]
[EventType "swiss"]
[EventCountry "SLO"]
[SourceTitle "playchess.com"]
[Source "ChessBase"]
[SourceQuality "1"]
[TimeControl "5400+30"]

1. d4 d5 2. Nc3 Nf6 3. Bf4 Bf5 4. e3 e6 5. Bd3 Bg6 6. h3 c5 7. Nb5 Na6 8. c3 Be7 9. Nf3 O-O 10. O-O Ne8 11. a4 Nac7 12. Nxc7 Nxc7 13. Ne5 Bxd3 14. Qxd3 Bd6 15. Qe2 Qe7 16. Qg4 Ne8 17. Qg3 Kh8 18. Nf3 Bxf4 19. Qxf4 Nf6 20. dxc5 Qxc5 21. Ne5 Qe7 22. Rfd1 Rad8 23. Qd4 a6 24. f3 Rc8 25. Qb6 Qc7 26. Qd4 Qc5 27. Rdc1 Rc7 28. b4 Qxd4 29. cxd4 Rfc8 30. Nxf7+ Kg8 31. Rxc7 Rxc7 32. Nd8 Rc3 33. Nxb7 Rxe3 34. Nc5 1-0

[Event "28th Hit Open-A 2024"]
[Site "Nova Gorica"]
[Date "2024.01.30"]
[Round "6.33"]
[White "Kejzar, Petra"]
[Black "Barbir, Petar"]
[Result "1-0"]
[ECO "B07"]
[WhiteElo "2025"]
[BlackElo "1738"]
[Annotator "NA RC"]
[PlyCount "45"]
[EventDate "2024.01.22"]
[EventType "swiss"]
[EventCountry "SLO"]
[SourceTitle "playchess.com"]
[Source "ChessBase"]
[SourceQuality "1"]
[TimeControl "5400+30"]

1. e4 d6 2. d4 Nf6 3. Nc3 c6 4. Bf4 Qa5 5. Bd3 e5 6. dxe5 dxe5 7. Bd2 Bc5 8. Nf3 Be6 9. O-O Qc7 10. h3 h6 11. a3 Nbd7 12. b4 Bd6 13. Be3 g5 14. Nh2 Ke7 15. Na4 Rag8 16. c4 Qb8 17. Rb1 Nxe4 18. Bxe4 f5 19. c5 Bc7 20. b5 fxe4 21. bxc6 Nf6 22. Rxb7 Qc8 23. Qd6+ 1-0

[Event "28th Hit Open-A 2024"]
[Site "Nova Gorica"]
[Date "2024.01.30"]
[Round "6.34"]
[White "Tonel, Giulia"]
[Black "Papler, Peter"]
[Result "1-0"]
[ECO "B07"]
[WhiteElo "1851"]
[BlackElo "1691"]
[Annotator "NA RC"]
[PlyCount "43"]
[EventDate "2024.01.22"]
[EventType "swiss"]
[EventCountry "SLO"]
[SourceTitle "playchess.com"]
[Source "ChessBase"]
[SourceQuality "1"]
[TimeControl "5400+30"]

1. e4 d6 2. d4 Nf6 3. Nc3 Nbd7 4. Nf3 c6 5. a3 Qc7 6. Rg1 e5 7. Be3 Be7 8. Qd2 Nf8 9. h3 h6 10. O-O-O Ng6 11. g4 Nh7 12. Kb1 Bd7 13. Bc4 Nhf8 14. Ne2 Ne6 15. Ng3 Nef4 16. Nh5 Nxh3 17. Nxg7+ Kf8 18. Bxh6 Kg8 19. Nf5 Nxg1 20. Nxe7+ Nxe7 21. Qg5+ Ng6 22. Qxg6# 1-0

[Event "28th Hit Open-A 2024"]
[Site "Nova Gorica"]
[Date "2024.01.30"]
[Round "6.35"]
[White "Pagano, Sergio"]
[Black "Milicevic, Zoran"]
[Result "1/2-1/2"]
[ECO "D95"]
[WhiteElo "1821"]
[BlackElo "1550"]
[Annotator "NA RC"]
[PlyCount "89"]
[EventDate "2024.01.22"]
[EventType "swiss"]
[EventCountry "SLO"]
[SourceTitle "playchess.com"]
[Source "ChessBase"]
[SourceQuality "1"]
[TimeControl "5400+30"]

1. d4 d5 2. Nf3 Nf6 3. c4 dxc4 4. e3 c6 5. Bxc4 g6 6. Qb3 e6 7. Nc3 Bg7 8. O-O O-O 9. e4 b6 10. Be3 Ba6 11. Rfd1 b5 12. Bf1 Bb7 13. a4 a6 14. Rac1 Nbd7 15. d5 exd5 16. exd5 Nxd5 17. Nxd5 cxd5 18. axb5 axb5 19. Qxb5 Ba6 20. Qxd5 Bxf1 21. Kxf1 Nf6 22. Qxd8 Rfxd8 23. Rxd8+ Rxd8 24. b4 Nd5 25. Bc5 Rb8 26. Rb1 Rb5 27. Ne1 Bf8 28. Bxf8 Kxf8 29. Nc2 Ke7 30. Rb3 Rb7 31. g3 Ke6 32. Ke2 Nb6 33. Kd3 Rd7+ 34. Nd4+ Kd5 35. Rc3 Na4 36. Rc2 Rb7 37. b5 Nc5+ 38. Kc3 Ne4+ 39. Kb4 Kxd4 40. f3 Nd6 41. Rd2+ Ke5 42. f4+ Ke6 43. Re2+ Kd7 44. Re5 f6 45. Rd5 1/2-1/2

[Event "28th Hit Open-A 2024"]
[Site "Nova Gorica"]
[Date "2024.01.30"]
[Round "6.36"]
[White "Trybus, Dominika"]
[Black "Gricnik, Tine"]
[Result "1-0"]
[ECO "C02"]
[WhiteElo "1530"]
[BlackElo "1758"]
[Annotator "NA RC"]
[PlyCount "71"]
[EventDate "2024.01.22"]
[EventType "swiss"]
[EventCountry "SLO"]
[SourceTitle "playchess.com"]
[Source "ChessBase"]
[SourceQuality "1"]
[TimeControl "5400+30"]

1. e4 e6 2. d4 d5 3. e5 c5 4. c3 Ne7 5. Be3 Nf5 6. Nf3 cxd4 7. cxd4 Bb4+ 8. Nc3 Qa5 9. Qd2 Bd7 10. Bd3 Nxe3 11. fxe3 O-O 12. O-O Na6 13. Rac1 Rac8 14. Bb1 Rc7 15. Ng5 g6 16. Qf2 Be7 17. Qh4 Bxg5 18. Qxg5 Qb4 19. Rf2 Be8 20. Rcf1 Qe7 21. Qh6 f5 22. exf6 Qf7 23. Rf3 Kh8 24. Qg7+ Qxg7 25. fxg7+ Kxg7 26. Rxf8 Bf7 27. Ra8 Re7 28. Rxa7 Nb4 29. a3 Nc6 30. Ra8 e5 31. dxe5 Rxe5 32. Ba2 Ne7 33. Ra7 Rxe3 34. Rxb7 Kg8 35. a4 Re5 36. a5 1-0

[Event "28th Hit Open-A 2024"]
[Site "Nova Gorica"]
[Date "2024.01.30"]
[Round "6.37"]
[White "Petrosino, Germano"]
[Black "Mihelj, Edvard"]
[Result "1-0"]
[ECO "C01"]
[WhiteElo "1715"]
[BlackElo "1618"]
[Annotator "NA RC"]
[PlyCount "54"]
[EventDate "2024.01.22"]
[EventType "swiss"]
[EventCountry "SLO"]
[SourceTitle "playchess.com"]
[Source "ChessBase"]
[SourceQuality "1"]
[TimeControl "5400+30"]

1. d4 d6 2. e4 e6 3. c4 c6 4. Nc3 g6 5. f4 Bg7 6. Nf3 Ne7 7. Be2 b6 8. O-O Bb7 9. Be3 a6 10. Qd2 Nd7 11. Rad1 Qc7 12. d5 exd5 13. cxd5 c5 14. e5 O-O 15. e6 Bxc3 16. Qxc3 Nxd5 17. Rxd5 Bxd5 18. exd7 Qxd7 19. f5 f6 20. fxg6 hxg6 21. Nh4 Qg7 22. Qd2 Qf7 23. Nxg6 Qxg6 24. Qxd5+ Qf7 25. Qxd6 Rfe8 26. Rxf6 Rad8 27. Qg3+ Kf8 1-0

[Event "28th Hit Open-A 2024"]
[Site "Nova Gorica"]
[Date "2024.01.30"]
[Round "6.38"]
[White "Ivsek, Cveto"]
[Black "Cokan, Mirko"]
[Result "1-0"]
[ECO "A46"]
[WhiteElo "1711"]
[BlackElo "1614"]
[Annotator "NA RC"]
[PlyCount "113"]
[EventDate "2024.01.22"]
[EventType "swiss"]
[EventCountry "SLO"]
[SourceTitle "playchess.com"]
[Source "ChessBase"]
[SourceQuality "1"]
[TimeControl "5400+30"]

1. d4 Nf6 2. Bf4 d6 3. e3 Nbd7 4. Nf3 c6 5. c3 Qc7 6. h3 e5 7. Bh2 Be7 8. Bc4 O-O 9. O-O e4 10. Nfd2 Qb6 11. Qb3 d5 12. Be2 Qd8 13. c4 a5 14. Nc3 dxc4 15. Bxc4 b5 16. Be2 a4 17. Qc2 Bb7 18. Ncxe4 Ne8 19. Nc5 Nxc5 20. dxc5 Bf6 21. Ne4 Qa5 22. Rad1 Bc8 23. Bf3 Be7 24. Nd6 Qa6 25. Qe4 Bxd6 26. Bxd6 Nxd6 27. Rxd6 Bb7 28. Rfd1 g6 29. h4 Rae8 30. Qf4 Qa7 31. Rd7 Qb8 32. Qc7 Ba8 33. h5 Qxc7 34. Rxc7 Re6 35. hxg6 Rxg6 36. b4 Kg7 37. Rdd7 Rf6 38. Ra7 Re6 39. Bh5 Rf6 40. Ra6 Rf5 41. Bf3 Rf6 42. Rda7 Rd8 43. Rxa8 Rd2 44. Rxc6 Rxa2 45. Rxf6 Kxf6 46. c6 Rc2 47. Bd5 Ke7 48. e4 f6 49. Ra5 Rc1+ 50. Kh2 Ra1 51. Rxb5 Rb1 52. c7 Rc1 53. Rb7 Kd6 54. b5 f5 55. f3 h5 56. b6 fxe4 57. fxe4 1-0

[Event "28th Hit Open-A 2024"]
[Site "Nova Gorica"]
[Date "2024.01.30"]
[Round "6.39"]
[White "Cortese, Lina"]
[Black "Guid, Taja"]
[Result "0-1"]
[ECO "A25"]
[WhiteElo "1582"]
[BlackElo "1698"]
[Annotator "NA RC"]
[PlyCount "96"]
[EventDate "2024.01.22"]
[EventType "swiss"]
[EventCountry "SLO"]
[SourceTitle "playchess.com"]
[Source "ChessBase"]
[SourceQuality "1"]
[TimeControl "5400+30"]

1. c4 e5 2. Nc3 Nc6 3. g3 f5 4. d3 Nf6 5. Bg2 Bb4 6. Bd2 Bxc3 7. bxc3 d6 8. Nf3 O-O 9. O-O Qe8 10. e3 e4 11. Ne1 Ne5 12. Bc1 exd3 13. Nxd3 Nxc4 14. Qb3 Qf7 15. Rb1 c6 16. Rd1 d5 17. Nb2 Nxb2 18. Rxb2 Ne4 19. Rd4 b5 20. a4 Nc5 21. Qa3 Nxa4 22. Rxa4 bxa4 23. Qxa4 Qc7 24. c4 Be6 25. Rc2 dxc4 26. Bxc6 Rac8 27. Bf3 Rfd8 28. Bb2 Bd5 29. Be2 h6 30. Bd4 a5 31. Rc1 Kh7 32. Bc3 Ra8 33. Bd4 Rdc8 34. Rc3 Qc6 35. Qc2 Qe6 36. f3 g6 37. Kf2 Qc6 38. Ra3 Rcb8 39. Qd2 a4 40. Be5 Rb3 41. Ra2 a3 42. Bc3 Qc5 43. Bd1 Rb7 44. Ba1 c3 45. Rc2 cxd2 46. Rxc5 Rb1 47. Rxd5 Rxd1 48. Bc3 a2 0-1